[Event "POL-chT 2 Liga 2019"]
[Site "Poronin"]
[Date "2019.09.08"]
[Round "2.31"]
[White "Wandzik, Wojciech"]
[Black "Bednarczyk, Damian"]
[Result "1-0"]
[ECO "B85"]
[WhiteElo "2409"]
[BlackElo "2216"]
[Annotator "NA"]
[PlyCount "51"]
[EventDate "2019.09.07"]
[EventType "team-tourn"]
[EventCountry "POL"]
[SourceTitle "playchess.com"]
[Source "ChessBase"]
[SourceQuality "1"]
[TimeControl "40/5400+30:1800+30"]

1. e4 c5 2. Nf3 d6 3. d4 cxd4 4. Nxd4 Nf6 5. Nc3 e6 6. Be2 Be7 7. O-O O-O 8. Be3 a6 9. f4 Nc6 10. Qe1 Qc7 11. Qg3 Nxd4 12. Bxd4 b5 13. a3 Bb7 14. Rae1 g6 15. Bf3 Rfd8 16. f5 e5 17. Be3 d5 18. fxg6 hxg6 19. exd5 Bc5 20. Bxc5 Qxc5+ 21. Kh1 Nxd5 22. Rxe5 Qc4 23. Rfe1 Nxc3 24. Bxb7 Rab8 25. Bf3 Na2 26. Bd5 1-0

[Event "POL-chT 2 Liga 2019"]
[Site "Poronin"]
[Date "2019.09.08"]
[Round "2.32"]
[White "Lapczynski, Artur"]
[Black "Lizak, Jakub"]
[Result "0-1"]
[ECO "A57"]
[WhiteElo "2048"]
[BlackElo "2236"]
[Annotator "NA"]
[PlyCount "90"]
[EventDate "2019.09.07"]
[EventType "team-tourn"]
[EventCountry "POL"]
[SourceTitle "playchess.com"]
[Source "ChessBase"]
[SourceQuality "1"]
[TimeControl "40/5400+30:1800+30"]

1. d4 Nf6 2. c4 c5 3. d5 b5 4. cxb5 a6 5. b6 d6 6. Nc3 Nbd7 7. e4 g6 8. a4 Qxb6 9. a5 Qb7 10. f4 Bg7 11. Nf3 O-O 12. Bc4 Ne8 13. O-O Nc7 14. Qd3 Rb8 15. Kh1 Nb5 16. Bxb5 axb5 17. a6 Qa7 18. Nxb5 Bxa6 19. Nxa7 Bxd3 20. Re1 Ra8 21. Ra3 c4 22. Nc6 Rxa3 23. bxa3 e6 24. dxe6 fxe6 25. Ng5 Re8 26. e5 dxe5 27. fxe5 Nc5 28. h3 h6 29. Nf3 Be4 30. Nfd4 Nd3 31. Rf1 Rf8 32. Rxf8+ Bxf8 33. Bd2 Bxa3 34. Na5 Bd5 35. Nc2 Bb2 36. Bxh6 Bc3 37. Nxc4 Bxc4 38. Ne3 Bd5 39. Kg1 Bxe5 40. Ng4 Bf4 41. Bxf4 Nxf4 42. Ne3 Kf7 43. Kf2 Kf6 44. h4 Nxg2 45. Nxg2 Bxg2 0-1

[Event "POL-chT 2 Liga 2019"]
[Site "Poronin"]
[Date "2019.09.08"]
[Round "2.33"]
[White "Duda, Lukasz"]
[Black "Mirski, Michal"]
[Result "1/2-1/2"]
[ECO "A25"]
[WhiteElo "2209"]
[BlackElo "1999"]
[Annotator "NA"]
[PlyCount "60"]
[EventDate "2019.09.07"]
[EventType "team-tourn"]
[EventCountry "POL"]
[SourceTitle "playchess.com"]
[Source "ChessBase"]
[SourceQuality "1"]
[TimeControl "40/5400+30:1800+30"]

1. c4 e5 2. g3 Nc6 3. Bg2 g6 4. Nc3 Bg7 5. d3 Nge7 6. e4 O-O 7. Nge2 d6 8. O-O Be6 9. Nd5 Nd4 10. Rb1 c6 11. Nxe7+ Qxe7 12. b4 Bg4 13. f3 Nxe2+ 14. Qxe2 Be6 15. f4 exf4 16. gxf4 Qd7 17. Bb2 Bxb2 18. Rxb2 f5 19. b5 fxe4 20. Qxe4 d5 21. bxc6 bxc6 22. Qd4 Qg7 23. Qxg7+ Kxg7 24. cxd5 Bxd5 25. Rb7+ Rf7 26. Rxf7+ Kxf7 27. Bxd5+ cxd5 28. Rc1 Re8 29. Kf2 Re7 30. Rc5 Ke6 1/2-1/2

[Event "POL-chT 2 Liga 2019"]
[Site "Poronin"]
[Date "2019.09.08"]
[Round "2.34"]
[White "Wnek, Filip"]
[Black "Gola, Karol"]
[Result "0-1"]
[ECO "B80"]
[WhiteElo "1962"]
[BlackElo "2203"]
[Annotator "NA"]
[PlyCount "76"]
[EventDate "2019.09.07"]
[EventType "team-tourn"]
[EventCountry "POL"]
[SourceTitle "playchess.com"]
[Source "ChessBase"]
[SourceQuality "1"]
[TimeControl "40/5400+30:1800+30"]

1. e4 c5 2. Nf3 e6 3. d4 cxd4 4. Nxd4 Nf6 5. Nc3 d6 6. g3 a6 7. Bg2 Qc7 8. O-O Be7 9. Re1 O-O 10. f4 Rd8 11. Kh1 Nc6 12. Be3 Na5 13. Qe2 Nc4 14. Bc1 Rb8 15. a4 b6 16. Rb1 Bb7 17. g4 Nd7 18. g5 Bf8 19. Qg4 Re8 20. b3 Nce5 21. Qg3 Nc6 22. Nxc6 Bxc6 23. Bb2 b5 24. axb5 axb5 25. Qh4 b4 26. Nd1 Be7 27. Re3 Nf8 28. Nf2 Ng6 29. Qg4 d5 30. exd5 Bc5 31. Re2 Bxd5 32. Bxd5 exd5 33. Rxe8+ Rxe8 34. Nd3 Bd6 35. Rc1 Nxf4 36. Rf1 Nxd3 37. cxd3 Qc2 38. Qh5 g6 0-1

[Event "POL-chT 2 Liga 2019"]
[Site "Poronin"]
[Date "2019.09.08"]
[Round "2.35"]
[White "Szolc, Grzegorz"]
[Black "Baryczka, Kamil"]
[Result "1-0"]
[ECO "A83"]
[WhiteElo "2038"]
[BlackElo "2034"]
[Annotator "NA"]
[PlyCount "123"]
[EventDate "2019.09.07"]
[EventType "team-tourn"]
[EventCountry "POL"]
[SourceTitle "playchess.com"]
[Source "ChessBase"]
[SourceQuality "1"]
[TimeControl "40/5400+30:1800+30"]

1. d4 f5 2. e4 fxe4 3. Nc3 Nf6 4. Bg5 g6 5. Bxf6 exf6 6. Nxe4 Bg7 7. Qd3 d5 8. Ng3 Qe7+ 9. Qe2 Qxe2+ 10. Bxe2 Nc6 11. O-O-O Bd7 12. Bf3 Be6 13. h4 O-O-O 14. N1e2 Rhe8 15. Kb1 h5 16. Nf4 Bf7 17. c3 a5 18. Rhe1 Ne7 19. Ne6 Bxe6 20. Rxe6 Kd7 21. Rde1 c6 22. Nxh5 Nf5 23. Rxe8 Rxe8 24. Rxe8 Kxe8 25. Nxg7+ Nxg7 26. g4 Ke7 27. Kc2 Ke6 28. a4 f5 29. h5 gxh5 30. gxh5 Kf6 31. b4 b6 32. bxa5 bxa5 33. c4 Ne6 34. Kd3 Nc7 35. Ke3 Kg5 36. Kd3 Kf6 37. Be2 Ne6 38. Ke3 Kg5 39. Bf3 Nc7 40. Be2 Ne6 41. c5 f4+ 42. Kd3 Nd8 43. Bf3 Kh6 44. Bg4 Kg5 45. f3 Kf6 46. Bd7 Ke7 47. Bf5 Kf6 48. Bg6 Kg5 49. Be8 Kh6 50. Kd2 Kg7 51. Ke1 Kf8 52. Bd7 Ke7 53. Bg4 Kf6 54. Kf2 Kg5 55. Kg2 Nf7 56. Kh3 Nd8 57. Kh2 Kh6 58. Kg2 Kg5 59. Kh3 Nf7 60. Bd7 Nd8 61. Be8 Kf6 62. h6 1-0

[Event "POL-chT 2 Liga 2019"]
[Site "Poronin"]
[Date "2019.09.08"]
[Round "2.36"]
[White "Budkiewicz, Magdalena"]
[Black "Szydlowska-Duda, Marta"]
[Result "0-1"]
[ECO "B01"]
[WhiteElo "1714"]
[BlackElo "1986"]
[Annotator "NA"]
[PlyCount "44"]
[EventDate "2019.09.07"]
[EventType "team-tourn"]
[EventCountry "POL"]
[SourceTitle "playchess.com"]
[Source "ChessBase"]
[SourceQuality "1"]
[TimeControl "40/5400+30:1800+30"]

1. e4 d5 2. exd5 Qxd5 3. Nc3 Qd6 4. d4 Nf6 5. Nb5 Qb6 6. c4 c6 7. Nc3 Bf5 8. Nf3 e6 9. Ne5 Bb4 10. g4 Bg6 11. Bg2 Nbd7 12. h4 Nxe5 13. dxe5 Ne4 14. Bxe4 Bxe4 15. O-O Rd8 16. Qb3 Rd3 17. Be3 Rxe3 18. c5 Qxc5 19. fxe3 Qxe3+ 20. Rf2 Qg3+ 21. Kf1 Bd3+ 22. Ne2 Bc5 {[%emt 0:01:34] Kg1} 0-1

[Event "POL-chT 2 Liga 2019"]
[Site "Poronin"]
[Date "2019.09.08"]
[Round "2.38"]
[White "Raczynski, Krzysztof"]
[Black "Szadkowski, Kamil"]
[Result "1/2-1/2"]
[ECO "C86"]
[WhiteElo "2244"]
[BlackElo "2245"]
[Annotator "NA"]
[PlyCount "59"]
[EventDate "2019.09.07"]
[EventType "team-tourn"]
[EventCountry "POL"]
[SourceTitle "playchess.com"]
[Source "ChessBase"]
[SourceQuality "1"]
[TimeControl "40/5400+30:1800+30"]

1. e4 e5 2. Nf3 Nc6 3. Bb5 a6 4. Ba4 Nf6 5. Qe2 Be7 6. O-O b5 7. Bb3 O-O 8. c3 d6 9. Rd1 Na5 10. Bc2 c5 11. d4 Qc7 12. d5 Bd7 13. b3 Rfb8 14. Nbd2 Nb7 15. Nf1 a5 16. a4 c4 17. bxc4 bxa4 18. Ba3 Nc5 19. Bxc5 Qxc5 20. Bxa4 Bxa4 21. Rxa4 Nd7 22. Ne3 g6 23. Ne1 Qb6 24. Nd3 Qb3 25. Ra2 Bg5 26. Rb2 Qxc3 27. Rc2 Qb3 28. Rb2 Qc3 29. Rc2 Qb3 30. Rb2 1/2-1/2

[Event "POL-chT 2 Liga 2019"]
[Site "Poronin"]
[Date "2019.09.08"]
[Round "2.39"]
[White "Szadkowski, Krzysztof"]
[Black "Bardeli, Lukasz"]
[Result "0-1"]
[ECO "B14"]
[WhiteElo "2138"]
[BlackElo "2144"]
[Annotator "NA"]
[PlyCount "38"]
[EventDate "2019.09.07"]
[EventType "team-tourn"]
[EventCountry "POL"]
[SourceTitle "playchess.com"]
[Source "ChessBase"]
[SourceQuality "1"]
[TimeControl "40/5400+30:1800+30"]

1. e4 c6 2. d4 d5 3. exd5 cxd5 4. c4 Nf6 5. Nc3 g6 6. Qb3 Bg7 7. cxd5 O-O 8. Bf4 Nbd7 9. a4 Nb6 10. d6 Be6 11. Qa3 Re8 12. Bb5 Nc4 13. Qc5 exd6 14. Bxd6 b6 15. Bc7 bxc5 16. Bxd8 Rexd8 17. d5 Nxd5 18. Bxc4 Nxc3 19. Bxe6 fxe6 0-1

[Event "POL-chT 2 Liga 2019"]
[Site "Poronin"]
[Date "2019.09.08"]
[Round "2.40"]
[White "Butyrowski, Marcel"]
[Black "Leskiewicz, Ignacy"]
[Result "1/2-1/2"]
[ECO "E63"]
[WhiteElo "1873"]
[BlackElo "2116"]
[Annotator "NA"]
[PlyCount "133"]
[EventDate "2019.09.07"]
[EventType "team-tourn"]
[EventCountry "POL"]
[SourceTitle "playchess.com"]
[Source "ChessBase"]
[SourceQuality "1"]
[TimeControl "40/5400+30:1800+30"]

1. d4 Nf6 2. c4 g6 3. g3 Bg7 4. Bg2 d6 5. Nf3 O-O 6. O-O Nc6 7. Nc3 a6 8. d5 Na5 9. b3 Rb8 10. Bb2 b5 11. cxb5 axb5 12. Nd4 b4 13. Nb1 e5 14. Nc2 c5 15. dxc6 Qc7 16. e4 Qxc6 17. Nd2 Bg4 18. f3 Be6 19. Kh1 Qb6 20. Re1 Rbc8 21. Nf1 Rfd8 22. Nfe3 h5 23. Qd2 Rb8 24. f4 exf4 25. Nd5 Bxd5 26. Bd4 Qb5 27. exd5 fxg3 28. Rf1 Ng4 29. Bxg7 Kxg7 30. hxg3 Qd7 31. Nxb4 h4 32. Nc6 Nxc6 33. dxc6 Qa7 34. Qc3+ f6 35. c7 hxg3 36. cxd8=Q Rxd8 37. Qxg3 Rh8+ 38. Bh3 Qb7+ 39. Rf3 Rxh3+ 40. Qxh3 Nf2+ 41. Kh2 Nxh3 42. Rxh3 Qe4 43. Rg1 d5 44. Rhg3 g5 45. R1g2 d4 46. Rf2 g4 47. a4 f5 48. a5 Qe6 49. a6 Kg6 50. a7 Qa6 51. Rd2 Qxa7 52. Rgd3 Kg5 53. Kg2 Kh4 54. Rxd4 Qb7+ 55. Rd5 Qxb3 56. Rxf5 Qh3+ 57. Kg1 Qe3+ 58. Rdf2 g3 59. R5f4+ Kh3 60. R4f3 Qd4 61. Kh1 Qd1+ 62. Rf1 Qe2 63. R1f2 Qd1+ 64. Rf1 Qd5 65. Kg1 Qc5+ 66. R1f2 Qd4 67. Kh1 1/2-1/2

[Event "POL-chT 2 Liga 2019"]
[Site "Poronin"]
[Date "2019.09.08"]
[Round "2.41"]
[White "Kwiatkowski, Wiktor"]
[Black "Wojdak, Jan"]
[Result "1/2-1/2"]
[ECO "B66"]
[WhiteElo "2011"]
[BlackElo "1973"]
[Annotator "NA"]
[PlyCount "83"]
[EventDate "2019.09.07"]
[EventType "team-tourn"]
[EventCountry "POL"]
[SourceTitle "playchess.com"]
[Source "ChessBase"]
[SourceQuality "1"]
[TimeControl "40/5400+30:1800+30"]

1. e4 c5 2. Nf3 Nc6 3. d4 cxd4 4. Nxd4 Nf6 5. Nc3 d6 6. Bg5 e6 7. Qd2 a6 8. O-O-O h6 9. Bh4 Nxe4 10. Nxe4 Qxh4 11. Qe3 d5 12. Nxc6 bxc6 13. Qb6 Bd7 14. Rd4 Qf4+ 15. Nd2 Qb8 16. Qxb8+ Rxb8 17. Ra4 Bc5 18. f3 Be3 19. Rxa6 Ke7 20. b3 Kd6 21. Bd3 Ra8 22. Rxa8 Rxa8 23. a4 f5 24. Re1 Bxd2+ 25. Kxd2 e5 26. Kc3 e4 27. fxe4 fxe4 28. Be2 c5 29. Rf1 d4+ 30. Kd2 Be6 31. Rf4 Ke5 32. Rxe4+ Kd6 33. Bf3 Ra7 34. b4 cxb4 35. Rxd4+ Kc5 36. Re4 Bc4 37. a5 Rxa5 38. Re5+ Kb6 39. Rxa5 Kxa5 40. Ke3 Ba2 41. Kd4 Bb1 42. Ke4 1/2-1/2

[Event "POL-chT 2 Liga 2019"]
[Site "Poronin"]
[Date "2019.09.08"]
[Round "2.42"]
[White "Szelag, Zuzanna"]
[Black "Pastuszko, Kinga"]
[Result "1-0"]
[ECO "C65"]
[WhiteElo "1824"]
[BlackElo "1998"]
[Annotator "NA"]
[PlyCount "55"]
[EventDate "2019.09.07"]
[EventType "team-tourn"]
[EventCountry "POL"]
[SourceTitle "playchess.com"]
[Source "ChessBase"]
[SourceQuality "1"]
[TimeControl "40/5400+30:1800+30"]

1. e4 e5 2. Nf3 Nc6 3. Bb5 Nf6 4. d3 Bc5 5. O-O d6 6. c3 O-O 7. Qe2 h6 8. Rd1 Re8 9. Nbd2 a6 10. Ba4 b5 11. Bb3 a5 12. a4 Ba6 13. axb5 Bxb5 14. Bc4 Bxc4 15. Nxc4 Qb8 16. Nh4 a4 17. Qf3 Re6 18. Nf5 Qb5 19. Qg3 Ne8 20. Nxh6+ Kf8 21. Nf5 Rg6 22. Qh4 Kg8 23. b4 Ba7 24. Na3 Qb6 25. b5 Nf6 26. Be3 Qa5 27. bxc6 Rg4 28. Ne7+ 1-0

[Event "POL-chT 2 Liga 2019"]
[Site "Poronin"]
[Date "2019.09.08"]
[Round "2.44"]
[White "Czerw, Dawid"]
[Black "Kasperek, Ryszard"]
[Result "1/2-1/2"]
[ECO "E44"]
[WhiteElo "2269"]
[BlackElo "2213"]
[Annotator "NA"]
[PlyCount "128"]
[EventDate "2019.09.07"]
[EventType "team-tourn"]
[EventCountry "POL"]
[SourceTitle "playchess.com"]
[Source "ChessBase"]
[SourceQuality "1"]
[TimeControl "40/5400+30:1800+30"]

1. d4 Nf6 2. c4 e6 3. Nc3 Bb4 4. e3 b6 5. Nge2 c5 6. a3 Ba5 7. Rb1 Na6 8. Ng3 O-O 9. Bd3 d5 10. O-O Bxc3 11. bxc3 Bb7 12. cxd5 exd5 13. Qe2 c4 14. Bc2 Re8 15. f3 h5 16. Qf2 Qd7 17. Nf5 g6 18. Qg3 Qc7 19. Nd6 Re6 20. Nxb7 Qxg3 21. hxg3 Rb8 22. Nd6 Rxd6 23. e4 Re6 24. Bf4 Rd8 25. Bg5 Rc8 26. Ba4 Nb8 27. Rbe1 a6 28. Bxf6 Rxf6 29. exd5 Rd6 30. Re7 b5 31. Bc2 Nd7 32. a4 Nf6 33. Be4 b4 34. cxb4 Nxd5 35. Bxd5 Rxd5 36. Re3 Rxd4 37. Rc3 Re8 38. Rc2 Re3 39. Rfc1 c3 40. Kf2 Red3 41. Rxc3 Rxc3 42. Rxc3 Rxb4 43. Ra3 Rb2+ 44. Kf1 a5 45. Rc3 Rb4 46. Ra3 Rb1+ 47. Kf2 Rb2+ 48. Kg1 Kg7 49. Rc3 Rb4 50. Ra3 Rb1+ 51. Kh2 Kf6 52. Ra2 Rc1 53. Rb2 Rc4 54. Ra2 Ke5 55. Kg1 Kd5 56. Rd2+ Rd4 57. Rb2 Rb4 58. Rc2 Rd4 59. Re2 {Ke5 Ra2} Rc4 60. Kf2 {Kd5 Re2} Kd6 61. Rd2+ Kc6 62. Re2 Rxa4 63. Re7 Rb4 64. Rxf7 Rb6 1/2-1/2

[Event "POL-chT 2 Liga 2019"]
[Site "Poronin"]
[Date "2019.09.08"]
[Round "2.45"]
[White "Cajbel, Maciej"]
[Black "Pazdziora, Michal"]
[Result "0-1"]
[ECO "A12"]
[WhiteElo "2199"]
[BlackElo "2176"]
[Annotator "NA"]
[PlyCount "82"]
[EventDate "2019.09.07"]
[EventType "team-tourn"]
[EventCountry "POL"]
[SourceTitle "playchess.com"]
[Source "ChessBase"]
[SourceQuality "1"]
[TimeControl "40/5400+30:1800+30"]

1. c4 Nf6 2. Nf3 c6 3. g3 d5 4. b3 Bf5 5. Bg2 e6 6. O-O Be7 7. Bb2 O-O 8. d3 h6 9. Nbd2 Nbd7 10. a3 a5 11. Rc1 Qb6 12. e4 Bh7 13. Qe2 Nc5 14. Bd4 dxe4 15. dxe4 Qc7 16. e5 Nfd7 17. Ne1 Rfd8 18. b4 Na6 19. c5 axb4 20. axb4 Nxb4 21. Be4 Bxe4 22. Nxe4 Nxe5 23. Nd6 Ng6 24. Bxg7 Kxg7 25. Qb2+ f6 26. Qxb4 Bxd6 27. cxd6 Rxd6 28. Nf3 Rad8 29. Rfe1 Rd3 30. Kg2 e5 31. Rc4 Qe7 32. Qb1 Qd7 33. Qb4 Kh7 34. h4 h5 35. Rc5 Nf4+ 36. Kg1 Qh3 37. Qe4+ Kh6 38. Nxe5 fxe5 39. Rxe5 R8d4 40. Rxh5+ Nxh5 41. Qe7 Rxg3+ 0-1

[Event "POL-chT 2 Liga 2019"]
[Site "Poronin"]
[Date "2019.09.08"]
[Round "2.46"]
[White "Niedbala, Bartlomiej"]
[Black "Puczylowski, Marcin"]
[Result "0-1"]
[ECO "E11"]
[WhiteElo "2145"]
[BlackElo "2115"]
[Annotator "NA"]
[PlyCount "94"]
[EventDate "2019.09.07"]
[EventType "team-tourn"]
[EventCountry "POL"]
[SourceTitle "playchess.com"]
[Source "ChessBase"]
[SourceQuality "1"]
[TimeControl "40/5400+30:1800+30"]

1. d4 Nf6 2. Nf3 e6 3. c4 Bb4+ 4. Nbd2 b6 5. a3 Bxd2+ 6. Qxd2 Bb7 7. g3 O-O 8. Bg2 d6 9. O-O Nbd7 10. b4 Qe7 11. Bb2 Be4 12. Rfd1 c6 13. a4 Rac8 14. Rac1 Rc7 15. Bf1 Bg6 16. Nh4 d5 17. Nxg6 hxg6 18. Ba3 Rfc8 19. Qa2 dxc4 20. Qxc4 Ne4 21. Qc2 f5 22. e3 a5 23. Qb3 axb4 24. Bxb4 Qe8 25. Bc4 Kf7 26. f3 Ng5 27. h4 Nxf3+ 28. Kg2 c5 29. Ba3 cxd4 30. exd4 Rxc4 31. Rxc4 Rxc4 32. Qxc4 Qa8 33. d5 Nfe5 34. Qb3 Nf6 35. Bb2 Neg4 36. Qc3 exd5 37. Rd4 Qe8 38. Qd2 Ne3+ 39. Kg1 Nc4 40. Qc2 Qe1+ 41. Kh2 Ne4 42. Qg2 Nxb2 43. Rxe4 fxe4 44. Qxb2 e3 45. Qe5 Qf2+ 46. Kh1 Qf3+ 47. Kh2 e2 0-1

[Event "POL-chT 2 Liga 2019"]
[Site "Poronin"]
[Date "2019.09.08"]
[Round "2.47"]
[White "Zurkowski, Andrzej"]
[Black "Galuszka, Tomasz"]
[Result "0-1"]
[ECO "A06"]
[WhiteElo "2029"]
[BlackElo "2222"]
[Annotator "NA"]
[PlyCount "98"]
[EventDate "2019.09.07"]
[EventType "team-tourn"]
[EventCountry "POL"]
[SourceTitle "playchess.com"]
[Source "ChessBase"]
[SourceQuality "1"]
[TimeControl "40/5400+30:1800+30"]

1. Nf3 d5 2. g3 Nf6 3. Bg2 c6 4. d4 Bf5 5. O-O e6 6. c4 Nbd7 7. Nc3 h6 8. Nd2 Be7 9. e4 dxe4 10. Ndxe4 O-O 11. h3 Nxe4 12. Nxe4 Nf6 13. Nc3 Rc8 14. Be3 Qd7 15. Qb3 b5 16. cxb5 cxb5 17. Qxb5 Qxb5 18. Nxb5 Rc2 19. Nxa7 Nd5 20. Rfc1 Rxb2 21. a4 Bb4 22. g4 Bd3 23. Nc6 f5 24. gxf5 Rxf5 25. Nxb4 Rxb4 26. Ra3 Nxe3 27. fxe3 Rb2 28. Bc6 Ba6 29. Rac3 Rg5+ 30. Kh1 Rg3 31. e4 Bd3 32. e5 Rxh3+ 33. Kg1 Rg3+ 34. Kh1 h5 35. a5 h4 36. a6 Rh3+ 37. Kg1 Rg3+ 38. Kh1 Ra2 39. Bb7 Rh3+ 40. Kg1 Rg3+ 41. Kh1 Bxa6 42. Bxa6 Rxc3 43. Rxc3 Rxa6 44. Kg2 Ra4 45. Rd3 Kf7 46. Kh3 g5 47. Rf3+ Kg6 48. Rf6+ Kh5 49. Rxe6 Ra2 0-1

[Event "POL-chT 2 Liga 2019"]
[Site "Poronin"]
[Date "2019.09.08"]
[Round "2.48"]
[White "Adamczyk, Zuzanna"]
[Black "Kasperek, Joanna"]
[Result "1-0"]
[ECO "B09"]
[WhiteElo "1938"]
[BlackElo "2045"]
[Annotator "NA"]
[PlyCount "73"]
[EventDate "2019.09.07"]
[EventType "team-tourn"]
[EventCountry "POL"]
[SourceTitle "playchess.com"]
[Source "ChessBase"]
[SourceQuality "1"]
[TimeControl "40/5400+30:1800+30"]

1. e4 d6 2. d4 Nf6 3. Nc3 g6 4. f4 Bg7 5. Nf3 O-O 6. Bd3 Nc6 7. O-O e5 8. d5 Nd4 9. Nxd4 exd4 10. Ne2 Re8 11. Ng3 Bg4 12. Qd2 c6 13. dxc6 bxc6 14. Qf2 Qc7 15. f5 c5 16. b3 d5 17. exd5 Nxd5 18. h3 Be5 19. hxg4 Bxg3 20. Qf3 Ne3 21. fxg6 hxg6 22. Ba3 Nxf1 23. Rxf1 Bh2+ 24. Kh1 Bd6 25. Bc4 Rf8 26. Qf6 Qe7 27. Qxg6+ Kh8 28. Qh6+ Kg8 29. Bd3 f6 30. Bc4+ Rf7 31. g5 Qe3 32. Qg6+ Kh8 33. Bxf7 Qxg5 34. Qxf6+ Qxf6 35. Rxf6 Bc7 36. Bxc5 Kg7 37. Rf3 1-0

[Event "POL-chT 2 Liga 2019"]
[Site "Poronin"]
[Date "2019.09.08"]
[Round "2.49"]
[White "Helis, Tadeusz"]
[Black "Miroslaw, Michal"]
[Result "1/2-1/2"]
[ECO "A09"]
[WhiteElo "2166"]
[BlackElo "2284"]
[Annotator "NA"]
[PlyCount "37"]
[EventDate "2019.09.07"]
[EventType "team-tourn"]
[EventCountry "POL"]
[SourceTitle "playchess.com"]
[Source "ChessBase"]
[SourceQuality "1"]
[TimeControl "40/5400+30:1800+30"]

1. Nf3 d5 2. c4 dxc4 3. g3 Nc6 4. Bg2 e5 5. Qa4 Bd7 6. Qxc4 Bd6 7. Nc3 Nf6 8. d3 O-O 9. Bg5 h6 10. Bxf6 Qxf6 11. Ne4 Qe6 12. Nxd6 cxd6 13. O-O d5 14. Qb3 e4 15. dxe4 dxe4 16. Nd2 Nd4 17. Qxe6 Nxe2+ 18. Kh1 Bxe6 19. Nxe4 1/2-1/2

[Event "POL-chT 2 Liga 2019"]
[Site "Poronin"]
[Date "2019.09.08"]
[Round "2.51"]
[White "Walkusz, Witoslaw"]
[Black "Maka, Marcin"]
[Result "1/2-1/2"]
[ECO "B30"]
[WhiteElo "2061"]
[BlackElo "2108"]
[Annotator "NA"]
[PlyCount "143"]
[EventDate "2019.09.07"]
[EventType "team-tourn"]
[EventCountry "POL"]
[SourceTitle "playchess.com"]
[Source "ChessBase"]
[SourceQuality "1"]
[TimeControl "40/5400+30:1800+30"]

1. e4 c5 2. Nf3 Nc6 3. Bb5 e5 4. O-O Nge7 5. c3 a6 6. Bxc6 Nxc6 7. d4 Qc7 8. dxe5 Nxe5 9. Nxe5 Qxe5 10. Nd2 Qe6 11. f4 b5 12. a4 Bb7 13. axb5 axb5 14. Rxa8+ Bxa8 15. Qe2 Qc6 16. c4 bxc4 17. f5 d6 18. Nxc4 Qxe4 19. Re1 Qxe2 20. Rxe2+ Kd8 21. Bf4 Bd5 22. Nxd6 Kd7 23. Rd2 Kc6 24. Nc8 Bb3 25. Rd8 g6 26. Ne7+ Kb5 27. Rb8+ Kc4 28. Nc6 Kd5 29. Rxb3 Kxc6 30. Be5 Rg8 31. Rb8 gxf5 32. Bc3 Kd7 33. Kf2 Ke7 34. b4 Rg4 35. bxc5 Rc4 36. Bb2 Rc2+ 37. Kf3 Bh6 38. Rb7+ Ke8 39. Bd4 Rc4 40. Rb6 Rxd4 41. Rxh6 Rc4 42. c6 Ke7 43. g3 Rg4 44. h4 Rc4 45. h5 Re4 46. Rxh7 Re6 47. c7 Rc6 48. Kf4 Rxc7 49. Kxf5 Rc5+ 50. Kg4 Kf6 51. Kh4 Rc1 52. Rh6+ Kg7 53. Ra6 Rc5 54. g4 Rc4 55. h6+ Kh7 56. Rf6 Rc7 57. Kh5 Kg8 58. g5 Ra7 59. Rf5 Rb7 60. Rc5 Kh7 61. Rc8 Rb1 62. Rf8 Rh1+ 63. Kg4 Rf1 64. Ra8 Rf2 65. Ra7 Kg6 66. Ra6+ Kh7 67. Ra8 Rf1 68. Rf8 Rf2 69. Rc8 Rf1 70. Rc5 Kg6 71. Rb5 f5+ 72. gxf6 1/2-1/2

[Event "POL-chT 2 Liga 2019"]
[Site "Poronin"]
[Date "2019.09.08"]
[Round "2.52"]
[White "Polkowski, Piotr"]
[Black "Kubica, Kamil"]
[Result "1-0"]
[ECO "C50"]
[WhiteElo "2109"]
[BlackElo "2099"]
[Annotator "NA"]
[PlyCount "71"]
[EventDate "2019.09.07"]
[EventType "team-tourn"]
[EventCountry "POL"]
[SourceTitle "playchess.com"]
[Source "ChessBase"]
[SourceQuality "1"]
[TimeControl "40/5400+30:1800+30"]

1. e4 e5 2. Nf3 Nc6 3. Bc4 Bc5 4. d3 Nf6 5. Nc3 h6 6. O-O d6 7. h3 Na5 8. Bb3 Nxb3 9. axb3 a6 10. Be3 Ba7 11. Bxa7 Rxa7 12. d4 Qe7 13. dxe5 dxe5 14. Ra5 Be6 15. Nxe5 O-O 16. Nd3 b6 17. Ra1 c5 18. Qf3 Rd8 19. Rfd1 Bc8 20. Nf4 Rad7 21. Rxd7 Nxd7 22. Nfd5 Qe5 23. Rd1 Re8 24. Qf4 Qxf4 25. Nxf4 Nf6 26. f3 Bb7 27. Na4 g5 28. Ne2 Nxe4 29. fxe4 Bxe4 30. Rd2 Re6 31. Nec3 Bg6 32. Nd5 Re1+ 33. Kf2 Rc1 34. Ne7+ Kg7 35. Nxg6 Kxg6 36. Nxb6 1-0

[Event "POL-chT 2 Liga 2019"]
[Site "Poronin"]
[Date "2019.09.08"]
[Round "2.53"]
[White "Rawski, Slawomir"]
[Black "Grochowski, Kosma"]
[Result "0-1"]
[ECO "A09"]
[WhiteElo "2056"]
[BlackElo "1903"]
[Annotator "NA"]
[PlyCount "99"]
[EventDate "2019.09.07"]
[EventType "team-tourn"]
[EventCountry "POL"]
[SourceTitle "playchess.com"]
[Source "ChessBase"]
[SourceQuality "1"]
[TimeControl "40/5400+30:1800+30"]

1. Nf3 d5 2. c4 d4 3. e3 c5 4. b4 dxe3 5. fxe3 cxb4 6. Be2 e6 7. O-O Nf6 8. Bb2 Be7 9. Qc2 Nbd7 10. Ng5 Qa5 11. h4 h6 12. Nxe6 fxe6 13. Qg6+ Kd8 14. Qxg7 Rf8 15. Qxh6 Qc7 16. a3 Qg3 17. Qf4 Nh5 18. Qxg3 Rxf1+ 19. Bxf1 Nxg3 20. axb4 Bxb4 21. Kf2 Nxf1 22. Kxf1 Be7 23. g3 Nf6 24. d3 Bd7 25. Nd2 Bc6 26. e4 Kd7 27. Nf3 Ng4 28. Ke2 a5 29. Nd4 Rf8 30. Nxc6 Rf2+ 31. Ke1 Kxc6 32. Bc3 b6 33. d4 Rf3 34. d5+ exd5 35. cxd5+ Kd7 36. Rc1 Rxg3 37. Bd4 Bb4+ 38. Ke2 Bc5 39. Bxc5 bxc5 40. Rxc5 Re3+ 41. Kd2 a4 42. Rc4 a3 43. Ra4 Rh3 44. Kc2 Ne3+ 45. Kb1 Nd1 46. Kc2 Ne3+ 47. Kb1 Nd1 48. Kc2 Nb2 49. Ra6 Nc4 50. Ra4 0-1

[Event "POL-chT 2 Liga 2019"]
[Site "Poronin"]
[Date "2019.09.08"]
[Round "2.54"]
[White "Fraczek, Weronika"]
[Black "Dziodzio, Angelika"]
[Result "0-1"]
[ECO "B07"]
[WhiteElo "1875"]
[BlackElo "2117"]
[Annotator "NA"]
[PlyCount "106"]
[EventDate "2019.09.07"]
[EventType "team-tourn"]
[EventCountry "POL"]
[SourceTitle "playchess.com"]
[Source "ChessBase"]
[SourceQuality "1"]
[TimeControl "40/5400+30:1800+30"]

1. e4 d6 2. d4 Nf6 3. Nc3 Nbd7 4. Be3 e5 5. dxe5 dxe5 6. Bc4 Bb4 7. Nge2 O-O 8. a3 Bxc3+ 9. Nxc3 c6 10. f3 Qe7 11. O-O b5 12. Be2 Rd8 13. Qe1 Nf8 14. Qf2 Be6 15. a4 b4 16. Na2 Bxa2 17. Rxa2 Ne6 18. g3 c5 19. a5 Qc7 20. Bc4 Nd4 21. c3 Nc6 22. Rfa1 Rd7 23. Bxc5 Rad8 24. Be2 Rd2 25. Bxb4 Nxb4 26. cxb4 R8d4 27. b5 h6 28. Qe1 Qc5 29. Kf1 g5 30. g4 h5 31. Rc1 Qb4 32. h3 hxg4 33. hxg4 Nxe4 34. Ra3 Qxb2 35. Rc8+ Kg7 36. Re3 Nd6 37. Rc5 Ra4 38. Rc1 Qd4 39. Rec3 Raa2 40. Rd3 Rxd3 41. Bxd3 Qxd3+ 42. Kg1 Re2 43. Qc3 Qxc3 44. Rxc3 Nxb5 45. Rc5 Nd4 46. Kf1 Re3 47. Rc7 Rxf3+ 48. Ke1 Ra3 49. Rxa7 e4 50. Rd7 Ne6 51. Rd5 e3 52. Re5 Kf6 53. Re4 Nf4 0-1